 Dungeon Sprint DCSS version 0.16-a0-4078-g0e80503 (console) character file.

4600000 Monkaria the Axe Maniac (level 22, -85/233 HPs)
             Began as a Ghoul Gladiator on Feb 22, 2015.
             Was the Champion of Makhleb.
             Annihilated by a destroyer
             ... wielding a +9 great sword of slicing
              (182 damage)
             ... in the Dungeon (Sprint VIII: "Arena of Blood").
             The game lasted 00:01:44 (46 turns).

Monkaria the Axe Maniac (Ghoul Gladiator)             Turns: 46, Time: 00:01:44

Health: -85/233    AC:  8    Str: 22    XL:     22   Next: 85%
Magic:  16/47      EV: 24    Int:  9    God:    Makhleb [******]
Gold:   0          SH:  0    Dex: 10    Spells: 0 memorised, 75 levels left

rFire  . . .     SeeInvis .     i - +∞ Axe of Woe
rCold  + . .     Clarity  .     b - +0 leather armour
rNeg   + + +     SustAb   .     (no shield)
rPois  ∞         Gourm    .     c - +0 helmet
rElec  .         Spirit   .     (no cloak)
rCorr  .         Warding  .     (no gloves)
rMut   .         NoTele   +     (no boots)
MR     +....                    (no amulet)
Stlth  +++++++++.               (no ring)
                                k - +200 ring of slaying

@: rotting, somewhat resistant to hostile enchantments, incredibly stealthy
A: rotting body, claws 1, carnivore 3, cold resistance 1, negative energy
resistance 3, poison resistance, slow healing 1, torment resistance, unbreathing
a: Minor Destruction, Lesser Servant of Makhleb, Major Destruction, Greater
Servant of Makhleb, Renounce Religion


You were in the Dungeon.
You worshipped Makhleb.
Makhleb was exalted by your worship.
You were not hungry.

You visited 1 branch

Inventory:

Hand weapons
 a - a +0 war axe
 i - the +∞ Axe of Woe (weapon)
   (You found it in the Dungeon)
Missiles
 d - 3 throwing nets (quivered)
Armour
 b - a +0 leather armour (worn)
 c - a +0 helmet (worn)
Jewellery
 k - a +200 ring of slaying (left claw)
Scrolls
 j - a scroll of blinking
Potions
 e - a potion of curing
 f - a potion of heal wounds
 g - a potion of haste
 h - 2 potions of magic


   Skills:
 O Level 27 Fighting
 O Level 27 Axes
 O Level 27 Throwing
 O Level 27 Armour
 O Level 27 Dodging
 O Level 27 Stealth
 + Level 15.8 Unarmed Combat
 O Level 27 Spellcasting
 O Level 27 Invocations


You had 75 spell levels left.
You didn't know any spells.

Dungeon Overview and Level Annotations

Branches:
Dungeon (1/1)

Altars:
Makhleb


Innate Abilities, Weirdness & Mutations

Your body is rotting away.
You thrive on raw meat.
You have sharp fingernails.
You are carnivorous and can eat meat at any time.
Your flesh is cold resistant.
You are immune to negative energy.
Your system is resistant to poisons.
You heal slowly when monsters are visible.
You are immune to unholy pain and torment.
You can survive without breathing.


Message History

You pulverise the large bag of meat into a thin bloody mist.
The large bag of meat explodes!
The fiery explosion engulfs you! Makhleb accepts your kill.
You feel a little better.
Your Unarmed Combat skill gained 7 levels and is now at level 15!
You are engulfed in roaring flames.
You hear a shout! x10
Unknown command.
Unknown command.
Unknown command.
A large bag of meat comes into view. It is wielding a +9 giant spiked club.
The large bag of meat shouts!
You hear a shout!
You hear a shout!
You hear a shout! x3
The large bag of meat hits you with a +9 giant spiked club!!!!
Ouch! That really hurt!
You hear a shout! x3
The destroyer hits you with a +9 great sword of slicing!!!!!
Ouch! That really hurt!
You die...

.%%.....
%........
#.......# .. #...
...# C..###...
.%.###..
........###......
#...oC§§§_%%....
#§§)V.# #§§@C_#
#§))..#
...§§o_.o..§.
.....o###......
..###... ...###..
#... ...# #...
...# .........
... ...


You could see a destroyer, 2 large bags of meat and 4 bags of meat.

Vanquished Creatures
  4 hill giants (D)
  14 ogres (D)
  21 orcs (D)
  A skeletal warrior (D)
  7 vampire knights (D)
47 creatures vanquished.

Notes
Turn   | Place    | Note
--------------------------------------------------------------
     0 | D        | Monkaria, the Ghoul Gladiator, began the quest for the Orb.
     0 | D        | Reached XP level 1. HP: 17/17 MP: 1/1
     3 | D        | Noticed a bag of meat
     4 | D        | Noticed a bag of meat
     4 | D        | Became a worshipper of Makhleb the Destroyer
     6 | D        | Noticed a bag of meat
     6 | D        | Noticed a bag of meat
    10 | D        | Killed a bag of meat
    10 | D        | Reached skill level 10 in Fighting
    10 | D        | Reached skill level 15 in Axes
    10 | D        | Reached skill level 15 in Dodging
    10 | D        | Reached XP level 2. HP: 21/39 MP: 2/2
    10 | D        | Reached XP level 3. HP: 24/46 MP: 3/3
    10 | D        | Reached XP level 4. HP: 27/53 MP: 3/3
    10 | D        | Reached XP level 5. HP: 30/59 MP: 4/4
    10 | D        | Reached XP level 6. HP: 34/67 MP: 5/5
    10 | D        | Reached XP level 7. HP: 37/73 MP: 5/5
    10 | D        | Reached XP level 8. HP: 41/81 MP: 6/6
    10 | D        | Reached XP level 9. HP: 43/86 MP: 7/7
    10 | D        | Reached XP level 10. HP: 47/94 MP: 7/7
    10 | D        | Reached XP level 11. HP: 50/101 MP: 8/8
    11 | D        | Noticed a meat berserker
    12 | D        | Killed a bag of meat
    12 | D        | Acquired Makhleb's first power
    12 | D        | Reached skill level 18 in Axes
    12 | D        | Reached skill level 10 in Throwing
    12 | D        | Reached XP level 12. HP: 92/113 MP: 9/9
    13 | D        | Noticed a bag of meat
    14 | D        | Noticed a meat berserker
    14 | D        | Noticed a bag of meat
    14 | D        | Noticed a bag of meat
    15 | D        | Killed a meat berserker
    15 | D        | Reached skill level 19 in Axes
    15 | D        | Reached XP level 13. HP: 117/122 MP: 9/9
    16 | D        | Noticed a meat berserker
    17 | D        | Noticed a meat berserker
    17 | D        | Noticed a meat berserker
    17 | D        | Noticed a bag of meat
    17 | D        | Noticed a bag of meat
    18 | D        | Noticed a bag of meat
    18 | D        | Killed a meat berserker
    18 | D        | Acquired Makhleb's second power
    18 | D        | Reached skill level 20 in Axes
    18 | D        | Reached XP level 14. HP: 129/133 MP: 10/10
    18 | D        | Killed a bag of meat
    18 | D        | Reached skill level 15 in Fighting
    18 | D        | Reached skill level 21 in Axes
    18 | D        | HP: 6/135 [meat berserker/+9 battleaxe (67)]
    18 | D        | Noticed a bag of meat
    19 | D        | Noticed a large bag of meat
    19 | D        | Noticed a meat berserker
    19 | D        | Killed a meat berserker
    19 | D        | Acquired Makhleb's third power
    19 | D        | Reached skill level 22 in Axes
    19 | D        | Reached XP level 15. HP: 74/144 MP: 11/11
    19 | D        | Killed a bag of meat
    19 | D        | Reached skill level 23 in Axes
    19 | D        | Reached skill level 1 in Armour
    19 | D        | Killed a bag of meat
    19 | D        | Killed a meat berserker
    19 | D        | Acquired Makhleb's fourth power
    19 | D        | Reached skill level 24 in Axes
    19 | D        | Reached XP level 16. HP: 127/157 MP: 11/11
    19 | D        | Killed a bag of meat
    19 | D        | Reached skill level 25 in Axes
    20 | D        | Noticed a bag of meat
    21 | D        | Noticed a bag of meat
    21 | D        | Noticed a bag of meat
    21 | D        | Killed a bag of meat
    21 | D        | Acquired Makhleb's fifth power
    21 | D        | Reached skill level 26 in Axes
    21 | D        | Killed a meat berserker
    21 | D        | Reached skill level 27 in Axes
    22 | D        | Noticed a meat berserker
    23 | D        | Noticed a bag of meat
    23 | D        | Killed a bag of meat
    23 | D        | Reached XP level 17. HP: 175/184 MP: 12/12
    24 | D        | Noticed a meat berserker
    25 | D        | Noticed a meat berserker
    25 | D        | Killed a meat berserker
    25 | D        | Reached skill level 27 in Fighting
    25 | D        | Killed a bag of meat
    25 | D        | Killed a bag of meat
    25 | D        | Reached skill level 27 in Dodging
    25 | D        | Reached skill level 10 in Armour
    26 | D        | Noticed a bag of meat
    26 | D        | Killed a bag of meat
    26 | D        | Reached skill level 15 in Armour
    26 | D        | Reached XP level 18. HP: 200/200 MP: 13/13
    27 | D        | Noticed a destroyer
    27 | D        | Killed a large bag of meat
    28 | D        | Killed a meat berserker
    29 | D        | Killed a bag of meat
    30 | D        | Killed a meat berserker
    30 | D        | Killed a bag of meat
    30 | D        | Reached XP level 19. HP: 207/207 MP: 13/13
    31 | D        | Noticed a meat berserker
    31 | D        | Noticed a destroyer
    31 | D        | Noticed a meat berserker
    31 | D        | Killed a destroyer
    31 | D        | Reached skill level 27 in Armour
    31 | D        | Killed a meat berserker
    32 | D        | Noticed a meat berserker
    32 | D        | Noticed a bag of meat
    33 | D        | Noticed a destroyer
    34 | D        | Noticed a bag of meat
    34 | D        | Noticed a large bag of meat
    34 | D        | Noticed a meat berserker
    34 | D        | Noticed a destroyer
    34 | D        | Killed a bag of meat
    35 | D        | Noticed a destroyer
    35 | D        | Noticed a large bag of meat
    35 | D        | Noticed a bag of meat
    35 | D        | Killed a bag of meat
    35 | D        | Killed a bag of meat
    35 | D        | Reached XP level 20. HP: 216/216 MP: 13/40
    35 | D        | Noticed a bag of meat
    36 | D        | Noticed a large bag of meat
    37 | D        | Noticed a meat berserker
    37 | D        | Noticed a bag of meat
    37 | D        | Killed a meat berserker
    37 | D        | Reached skill level 27 in Invocations
    37 | D        | Killed a meat berserker
    37 | D        | Killed a meat berserker
    38 | D        | Noticed a bag of meat
    38 | D        | Noticed a destroyer
    39 | D        | Noticed a bag of meat
    39 | D        | Noticed a sculptor of flesh
    39 | D        | Killed a large bag of meat
    40 | D        | Noticed a bag of meat
    40 | D        | Noticed a large bag of meat
    40 | D        | Killed a destroyer
    40 | D        | Reached skill level 27 in Stealth
    40 | D        | Killed a sculptor of flesh
    41 | D        | Noticed a destroyer
    41 | D        | Killed a destroyer
    41 | D        | Reached XP level 21. HP: 224/224 MP: 15/41
    41 | D        | Killed a large bag of meat
    41 | D        | Killed a destroyer
    42 | D        | Noticed a destroyer
    42 | D        | Killed a meat berserker
    42 | D        | Killed a meat berserker
    43 | D        | Noticed a destroyer
    43 | D        | Noticed a bag of meat
    43 | D        | Noticed a bag of meat
    44 | D        | Killed a destroyer
    44 | D        | Killed a bag of meat
    44 | D        | Killed a bag of meat
    44 | D        | Reached skill level 27 in Spellcasting
    44 | D        | Reached XP level 22. HP: 233/233 MP: 15/47
    44 | D        | Killed a bag of meat
    45 | D        | Killed a bag of meat
    45 | D        | Killed a bag of meat
    45 | D        | Killed a destroyer
    45 | D        | Killed a destroyer
    45 | D        | Reached skill level 27 in Throwing
    45 | D        | Killed a large bag of meat
    45 | D        | Reached skill level 15 in Unarmed Combat
    46 | D        | Noticed a large bag of meat
    46 | D        | Annihilated by a destroyer

Action                   |  1- 3 |  4- 6 |  7- 9 | 10-12 | 13-15 | 16-18 | 19-21 | 22-24 || total
-------------------------+-------+-------+-------+-------+-------+-------+-------+-------++-------
Melee: Executioner's axe |     1 |       |       |     2 |     2 |     8 |     9 |     1 ||    23
